 Dungeon Crawl Stone Soup version 0.20.1-1-g8b1a95d (webtiles) character file.

109 Schiappus the Chopper (level 4, 0/36 HPs)
             Began as a Demonspawn Berserker on Sept 19, 2017.
             Was a Believer of Trog.
             Slain by an orc priest
             ... wielding a +0 dagger
              (2 damage)
             ... on level 3 of the Dungeon.
             The game lasted 00:07:49 (1565 turns).

Schiappus the Chopper (Demonspawn Berserker)        Turns: 1565, Time: 00:07:50

Health: 0/36       AC:  4    Str: 21      XL:     4   Next: 60%
Magic:  0/13       EV: 13    Int:  9 (10) God:    Trog [**....]
Gold:   48         SH:  2    Dex: 13      Spells: 3/3 levels left

rFire    . . .     SeeInvis .   a - +1 hand axe
rCold    . . .     Gourm    .   (no shield)
rNeg     . . .     Faith    .   b - +0 animal skin
rPois    .         Spirit   +   (no helmet)
rElec    .         Reflect  +   (no cloak)
rCorr    .         Harm     .   h - +1 pair of gloves {Str+3}
MR       .....                  (no boots)
Stlth    +.........             i - +2 amulet of reflection
Regen    0.2/turn               n - ring of magical power
MPRegen  0.2/turn               o - +3 ring of slaying

@: very slightly contaminated
A: clever 1, deterioration 1, wild magic 1, magic shield
a: Berserk, Trog's Hand, Burn Spellbooks, Renounce Religion


You were on level 3 of the Dungeon.
You worshipped Trog.
Trog was pleased with you.
You were not hungry.

You visited 1 branch of the dungeon, and saw 3 of its levels.

You collected 48 gold pieces.

Inventory:

Hand Weapons
 a - a +1 hand axe (weapon)
Armour
 b - a +0 animal skin (worn)
 h - a +1 pair of gloves of strength (worn)
Jewellery
 i - a +2 amulet of reflection (around neck)
 n - a ring of magical power (left hand)
 o - a +3 ring of slaying (right hand)
Scrolls
 e - 2 scrolls of teleportation
 l - a scroll of enchant weapon
Potions
 j - a potion of resistance
 m - a potion of flight
Comestibles
 c - 3 bread rations
 q - 2 chunks of flesh


   Skills:
 + Level 3.6 Fighting
 + Level 3.8 Axes
 + Level 2.0 Armour
 + Level 2.6 Dodging
 + Level 0.2 Stealth


You had 3 spell levels left.
You didn't know any spells.

Dungeon Overview and Level Annotations

Branches:
Dungeon (3/15)

Altars:
Cheibriados
Hepliaklqana
Nemelex Xobeh
Okawaru
Qazlal
Sif Muna


Innate Abilities, Weirdness & Mutations

When hurt, damage is shared between your health and your magic reserves.
Your mind is acute. (Int +2)
Your body sometimes deteriorates upon taking damage.
Your spells are a little harder to cast, but a little more powerful.


Message History

The orc priest looks satisfied for a moment.
You hit the orc priest but do no damage.
The orc priest hits you with a dagger!
You closely miss the orc priest.
The orc priest calls down the wrath of Beogh upon you.
Beogh smites you!
Your body deteriorates!
You feel dopey.
You barely miss the orc priest.
The orc priest mumbles some strange prayers to Beogh against you.
Beogh smites you!
* * * LOW HITPOINT WARNING * * *
You hit the orc priest but do no damage.
The orc priest hits you with a dagger.
* * * LOW HITPOINT WARNING * * *
You hit the orc priest.
The orc priest is lightly wounded.
The orc priest hits you with a dagger.
* * * LOW HITPOINT WARNING * * *
The orc priest hits you with a dagger.
You die...

#.# #.# #.#
#.# #.#
#.####.#######
#...<.....)..#
####.#.#.###.#
#.#.#.# #@#
....#.# #o#
.....#.#
#o####
##....#.#
#....#
####.#.#
#.##..# ♣...♣
♣.♣...#
♣♣♣♣..# ♣..#
♣o.#


You could see an orc priest and an orc.

Vanquished Creatures
  Jessica (D:2)
  2 adders (D:2)
  A worm (D:2)
  3 dart slugs (D:1)
  2 ball pythons (D:1)
  4 giant cockroaches
  6 hobgoblins
  9 jackals (D:2)
  4 kobolds
  A quokka (D:1)
  8 bats
  3 frilled lizards (D:1)
  2 goblins
  10 rats
56 creatures vanquished.

Notes
Turn   | Place    | Note
-------+----------+-------------------------------------------
     0 | D:1      | Schiappus the Demonspawn Berserker began the quest for the Orb.
     0 | D:1      | Reached XP level 1. HP: 18/18 MP: 1/1
   111 | D:1      | Gained mutation: When hurt, damage is shared between your health and your magic reserves. [demonic ancestry]
   111 | D:1      | Reached XP level 2. HP: 18/24 MP: 2/2
   131 | D:1      | Found a sparkling altar of Nemelex Xobeh.
   418 | D:1      | Reached XP level 3. HP: 23/29 MP: 1/3
   423 | D:1      | Reached ** piety under Trog
   672 | D:2      | Found a stormy altar of Qazlal.
   694 | D:2      | Found an iron altar of Okawaru.
   961 | D:2      | Found a deep blue altar of Sif Muna.
   963 | D:2      | Found a snail-covered altar of Cheibriados.
   965 | D:2      | Found a hazy altar of Hepliaklqana.
  1059 | D:2      | Reached XP level 4. HP: 33/36 MP: 4/4
  1184 | D:2      | Noticed Jessica
  1188 | D:2      | Killed Jessica
  1513 | D:2      | Gained mutation: You have a pair of small horns on your head. [potion of mutation]
  1513 | D:2      | Gained mutation: You have sharp toenails. [potion of mutation]
  1513 | D:2      | Gained mutation: You possess an exceptional clarity of mind. [potion of mutation]
  1513 | D:2      | Gained mutation: Your spells are a little harder to cast, but a little more powerful. [potion of mutation]
  1514 | D:2      | Lost mutation: You have a pair of small horns on your head. [potion of mutation]
  1514 | D:2      | Lost mutation: You possess an exceptional clarity of mind. [potion of mutation]
  1514 | D:2      | Lost mutation: You have sharp toenails. [potion of mutation]
  1514 | D:2      | Lost mutation: Your spells are a little harder to cast, but a little more powerful. [potion of mutation]
  1514 | D:2      | Gained mutation: Your spells are a little harder to cast, but a little more powerful. [potion of mutation]
  1514 | D:2      | Gained mutation: Your body sometimes deteriorates upon taking damage. [potion of mutation]
  1514 | D:2      | Gained mutation: Your mind is acute. (Int +2) [potion of mutation]
  1565 | D:3      | Slain by an orc priest

Skill      XL: |  1  2 |
---------------+-------+-----
Dodging        | 2 |  2.6
Armour         | 2 |  2.0
Axes           | 3 |  3.8
Fighting       | |  3.6
Stealth        | |  0.2

Action                   |  1- 3 |  4- 6 || total
-------------------------+-------+-------++-------
Melee: Hand axe          |   135 |    45 ||   180
  Use: Potion            |     3 |     4 ||     7
       Scroll            |       |     4 ||     4
 Stab: Sleeping          |     2 |       ||     2
  Eat: Chunk             |     1 |     1 ||     2
Armor: Animal skin       |    48 |    22 ||    70
Dodge: Dodged            |   116 |    26 ||   142
Block: Other             |     5 |     4 ||     9
